 Dungeon Crawl Stone Soup version 0.26-a0-752-gcff87cac9a (webtiles) character file.

Game seed: 17747310937452419107

64 Forecaster the Stinger (level 4, -2/36 HPs)
             Began as a Naga Venom Mage on Nov 6, 2020.
             Slain by Terence
             ... wielding a +2 flail of draining
              (13 damage)
             ... on level 2 of the Dungeon.
             The game lasted 00:04:53 (1612 turns).

Forecaster the Stinger (Naga Venom Mage)            Turns: 1612, Time: 00:04:54

Health: -2/36      AC:  3    Str: 10    XL:     4   Next: 12%
Magic:  0/7        EV:  9    Int: 16    God:
Gold:   86         SH:  0    Dex: 12    Spells: 2/8 levels left

rFire    . . .     SeeInvis +   g - +0 dagger
rCold    . . .     Faith    .   (no shield)
rNeg     . . .     Spirit   .   a - +1 robe
rPois    +         Reflect  .   (no helmet)
rElec    .         Harm     .   (no cloak)
rCorr    .         Rampage  .   (no gloves)
MR       .....                  (no barding)
Stlth    ++........             (no amulet)
HPRegen  0.12/turn              (no ring)
MPRegen  0.10/turn              (no ring)

@: very slightly contaminated, heavily drained, very slow
A: large, see invisible, deformed body, poison resistance, slowness 2, spit
poison 1, AC +1
a: Spit Poison


You were on level 2 of the Dungeon.
You visited 1 branch of the dungeon, and saw 2 of its levels.

You collected 86 gold pieces.

Inventory:

Hand Weapons
 d - a +0 short sword
 g - a +0 dagger (weapon)
Missiles
 b - 6 curare-tipped darts (quivered)
 f - 17 poisoned darts
Armour
 a - a +1 robe (worn)
Scrolls
 c - a scroll of teleportation
 e - a scroll of identify
 k - a scroll of fear
Potions
 i - a potion of degeneration
 j - a potion of magic


   Skills:
 + Level 0.2(0.0) Fighting
 + Level 0.4(0.0) Short Blades
 + Level 2.0(0.7) Dodging
 + Level 3.1(1.8) Stealth
 + Level 2.5(1.2) Spellcasting
 + Level 1.2(0.1) Transmutations
 + Level 1.1(0.0) Air Magic
 + Level 4.9(3.6) Poison Magic


You had 2 spell levels left.
You knew the following spells:

 Your Spells              Type           Power        Failure   Level
a - Sting                 Tmut/Pois      #...         11%         1
b - Poisonous Vapours     Pois/Air       #.....       16%         2
c - Ignite Poison         Fire/Tmut/Pois #.......     38%         3

Your spell library contained the following spells:

 Spells                   Type           Power        Failure   Level
 Mephitic Cloud           Conj/Pois/Air  #.......     38%         3
 Olgreb's Toxic Radiance  Pois           ##......     45%         4


Dungeon Overview and Level Annotations

Branches:
Dungeon (2/15)

Altars:

Annotations:
D:2 Terence


Innate Abilities, Weirdness & Mutations

You cannot wear boots.
Your serpentine skin is tough. (AC +1)
You have supernaturally acute eyesight. (SInv)
Armour fits poorly on your strangely shaped body.
Your system is resistant to poisons. (rPois)
You cover ground very slowly.
You can spit poison.


Message History

Terence barely misses you.
You hit Terence but do no damage.
Terence is lightly wounded.
Terence hits you with a +2 flail of draining.
You feel drained.
* * * LOW HITPOINT WARNING * * *
Casting: Poisonous Vapours (safe; 16% risk of failure)
Confirm with . or Enter, or press ? or * to list all spells.
Aiming: Poisonous Vapours (safe; 16% risk of failure)
Press: ? - help, Dir - move target cursor, f - Terence
Aim: Terence, wielding a +2 flail of draining and wearing a +0 scale mail (lightly wounded)
You miscast Poisonous Vapours.
You are very lightly contaminated with residual magic.
Nothing appears to happen.
A goblin comes into view. It is wielding a +0 dagger.
Terence completely misses you.
You completely miss Terence.
Terence is lightly wounded.
Terence hits you with a +2 flail of draining!
You die...

.......
.................
(......
.#####.#########
#####.# #.##.#
... #.##.# .##
#.##.# .# #.##.##
.# #.....######.
#.##.........
#.###@#####. #.#
#@# #.# #g.......
#.# ####.)... ###
@... ... .. .


You could see Terence and a goblin.

Vanquished Creatures
  3 adders (D:2)
  An ooze (D:1)
  2 giant cockroaches (D:1)
  4 goblins
  4 hobgoblins
  2 jackals (D:1)
  A ball python (D:1)
  3 bats (D:1)
  2 frilled lizards (D:1)
  3 kobolds
  10 rats
35 creatures vanquished.

Notes
Turn   | Place    | Note
-------+----------+-------------------------------------------
     0 | D:1      | Forecaster the Naga Venom Mage began the quest for the Orb.
     0 | D:1      | Reached XP level 1. HP: 15/15 MP: 3/3
   171 | D:1      | Reached XP level 2. HP: 15/22 MP: 1/5
   197 | D:1      | Learned a level 2 spell: Poisonous Vapours
   887 | D:1      | Reached XP level 3. HP: 27/28 MP: 1/6
   892 | D:1      | Learned a level 3 spell: Ignite Poison
  1596 | D:2      | Noticed Terence
  1601 | D:2      | Reached skill level 1 in Air Magic
  1601 | D:2      | Reached XP level 4. HP: 26/36 MP: 1/7
  1612 | D:2      | Slain by Terence

Illustrated notes

Levels and vault maps discovered:
D:1:      dpeg_arrival_prison, layout_rooms
D:2:      layout_basic, lemuel_coloured_pillars_altar, due_unseen_surprise,
          uniq_terence

Skill      XL: |  1  2  3 |
---------------+----------+-----
Dodging        | 2 |  2.0
Air Magic      | 1 |  1.1
Fighting       | |  0.2
Short Blades   | |  0.4
Stealth        | |  3.1
Spellcasting   | |  2.5
Transmutations | |  1.2
Poison Magic   | |  4.9

Action                   |  1- 3 |  4- 6 || total
-------------------------+-------+-------++-------
Melee: Short sword       |     7 |       ||     7
       Dagger            |    48 |    10 ||    58
 Cast: Sting             |    13 |       ||    13
       Poisonous Vapours |    25 |       ||    25
 Abil: Spit Poison       |     1 |       ||     1
  Use: Scroll            |     7 |       ||     7
Armor: Robe              |    11 |     2 ||    13
Dodge: Dodged            |    39 |     4 ||    43

Table legend: (Time is in decaauts)
 A = Elapsed time spent in this place.
 B = Non-inter-level travel time spent in this place.
 C = Inter-level travel time spent in this place.
 D = Time resting spent in this place.
 E = Time spent auto-exploring this place.
 F = Levels seen in this place.
 G = Mean time per level.
                   A        B        C        D        E       F      G
               +--------+--------+--------+--------+--------+-----+--------+
         Total |   1809 |   1780 |     29 |    137 |   1360 |   2 |  904.5 |
       Dungeon |   1809 |   1780 |     29 |    137 |   1360 |   2 |  904.5 |
               +--------+--------+--------+--------+--------+-----+--------+

Top non-repeatable levels by time:
     D:1: 1404 daAuts
     D:2: 404 daAuts
